 Dungeon Crawl Stone Soup version 0.26.1-11-gd32895ea62 (webtiles) character file.

Game seed: 11678552013533626238

5194 infcreate the Covert (level 10, 0/57 HPs)
             Began as a Vampire Enchanter on May 6, 2021.
             Was a Follower of Dithmenos.
             Slain by an orc knight
             ... wielding a +0 broad axe
              (34 damage)
             ... in a bailey.
             The game lasted 00:37:47 (12964 turns).

infcreate the Covert (Vampire Enchanter)           Turns: 12964, Time: 00:37:47

Health: 0/57       AC:  9    Str:  7    XL:     10   Next: 34%
Magic:  8/17       EV: 18    Int: 19    God:    Dithmenos [*.....]
Gold:   834        SH:  0    Dex: 17    Spells: 6/18 levels left

rFire    . . .     SeeInvis +   a - +2 dagger
rCold    + + +     Faith    .   (no shield)
rNeg     + + +     Spirit   .   f - +2 robe "Xereikk" {rC+ Slay+5}
rPois    ∞         Reflect  .   (no helmet)
rElec    .         Harm     .   k - +1 cloak
rCorr    .         Rampage  .   y - +0 pair of gloves
Will     +....                  j - +1 pair of boots
Stlth    ++++++++..             g - amulet of regeneration
HPRegen  0.00/turn              (no ring)
MPRegen  0.15/turn              (no ring)

@: bloodless, wreathed by umbra
A: fangs 3, see invisible, unbreathing
a: Bat Form, Revivify, Renounce Religion


You were in a bailey.
You worshipped Dithmenos.
Dithmenos was aware of your devotion.
You visited 2 branches of the dungeon, and saw 10 of its levels.
You also visited: Sewer and Bailey.

You collected 883 gold pieces.
You spent 49 gold pieces at shops.


Innate Abilities, Weirdness & Mutations

You do not regenerate when monsters are visible.
You are frail without blood (-20% HP).
You can heal yourself when you bite living creatures.
You are immune to poison.
You have razor-sharp teeth.
You have supernaturally acute eyesight. (SInv)
You can survive without breathing.


   Skills:
 + Level 4.2 Fighting
 * Level 7.5 Short Blades
 * Level 7.9 Dodging
 * Level 11.3 Stealth
 + Level 4.8 Spellcasting
 * Level 10.7 Hexes


You had 6 spell levels left.
You knew the following spells:

 Your Spells              Type           Power        Failure   Level
c - Corona                Hex            50%          1%          1
d - Tukima's Dance        Hex            45%          1%          3
e - Ensorcelled Hibernat  Hex/Ice        50%          1%          2
f - Dazzling Flash        Conj/Hex       50%          4%          3
t - Confusing Touch       Hex            45%          1%          3

Your spell library contained the following spells:

 Spells                   Type           Power        Failure   Level
 Summon Guardian Golem    Hex/Summ       25%          4%          3
 Summon Small Mammal      Summ           16%          13%         1
 Call Imp                 Summ           4%           19%         2
 Call Canine Familiar     Summ           4%           36%         3
 Summon Ice Beast         Ice/Summ       4%           77%         4
 Summon Lightning Spire   Summ/Air       4%           77%         4

Inventory:

Hand Weapons
 a - a +2 dagger (weapon)
Armour
 f - the +2 robe "Xereikk" (worn) {rC+ Slay+5}
   (You found it on level 5 of the Dungeon)

   It affects your accuracy and damage with ranged weapons and melee attacks
   (+5).
   It protects you from cold.
 j - a +1 pair of boots (worn)
 k - a +1 cloak (worn)
 y - a +0 pair of gloves (worn)
 A - a +0 robe of fire resistance
Jewellery
 g - an amulet of regeneration (around neck)
Wands
 i - a wand of iceblast (14)
 l - a wand of acid (12)
 q - a wand of polymorph (8)
 r - a wand of flame (17)
Scrolls
 c - a scroll of teleportation {@r4}
 h - a scroll of immolation
 o - a scroll of vulnerability {unknown}
 t - 3 scrolls of magic mapping
 u - 5 scrolls of identify {@r1}
 v - a scroll of remove curse {@r2}
 B - a scroll of brand weapon {unknown}
Potions
 b - 7 potions of heal wounds {unknown}
 d - 8 potions of curing {@q1}
 e - 5 potions of flight
 m - a potion of magic {unknown}
 n - 2 potions of attraction
 p - 2 potions of lignification {unknown}
 s - 3 potions of might
 w - a potion of brilliance {unknown}
 x - a potion of resistance
 z - a potion of berserk rage {unknown}

Dungeon Overview and Level Annotations

Branches:
Dungeon (9/15)             Temple (1/1) D:6           Sewer (visited)
 Bailey (1/1)
   Lair: D:8-11         Orc: D:9-12

Altars:
Ashenzari
Cheibriados
Dithmenos
Elyvilon
Fedhas
Gozag
Hepliaklqana
Kikubaaqudgha
Makhleb
Nemelex Xobeh
Okawaru
Qazlal
Ru
Sif Muna
Trog
Uskayaw
Wu Jian
Xom
Yredelemnul
Zin
The Shining One

Shops:
D:5 ?

Annotations:
D:3 1 runed translucent door, ZZKoverts's ghost, amateur GrEE

≈≈≈≈≈.........≈≈≈≈≈≈♣
≈≈≈≈....∩....≈≈≈≈≈≈≈
▒▒▒▒▒.....(().▒▒▒▒▒
▒▒...▒▒.....(.▒▒...▒▒
▒▒.....▒▒..).[▒▒.....▒▒
▒▒...8...▒▒(''▒▒...8...▒▒
▒▒............((.........▒▒
▒.........................▒
▒..8..8....o@.......8..8..▒
▒..........g..............▒
▒▒......▒▒▒▒...▒▒▒▒......▒
♣▒▒....▒▒≈g▒▒▒▒▒o≈▒▒....▒▒♣
♣.▒▒...▒≈)?8g..8!|≈▒...▒▒.♣
♣♣..▒▒▒+▒≈.........≈▒)▒▒▒..♣♣
♣...≈≈≈(▒≈..8...8..≈▒)≈≈≈.K.♣
♣..K≈≈≈.▒▒.........▒▒.≈≈≈K..♣
∩...≈≈≈.▒≈....∩....≈▒.≈≈≈...∩


You could see an orc warlord, an orc knight, 2 gnolls and a hobgoblin.


Message History

Casting: Ensorcelled Hibernation (safe; 1% risk of failure)
Confirm with . or Enter, or press ? or * to list all spells.
Aiming: Ensorcelled Hibernation (safe; 1% risk of failure)
Press: ? - help, Shift-Dir - straight line, f - gnoll
Aim: a gnoll, wielding a +0 hand axe and wearing a +0 leather armour (wandering, hasn't noticed you, chance to affect: 63%)
The gnoll shouts!
The gnoll looks drowsy...
The gnoll shouts!
Casting: Ensorcelled Hibernation (safe; 1% risk of failure)
Confirm with . or Enter, or press ? or * to list all spells.
Aiming: Ensorcelled Hibernation (safe; 1% risk of failure)
Press: ? - help, Shift-Dir - straight line, f - orc knight, p - gnoll
Aim: an orc knight, wielding a +0 broad axe and wearing a +0 chain mail (chance to affect: 37%)
The orc knight easily resists.
Casting: Ensorcelled Hibernation (safe; 1% risk of failure)
Confirm with . or Enter, or press ? or * to list all spells.
The gnoll is dazzled.
Casting: Dazzling Flash (dangerous; 4% risk of failure)
Confirm with . or Enter, or press ? or * to list all spells.
You hit the gnoll but do no damage.
The orc knight hits you with a +0 broad axe!
You hit the gnoll. You bite the gnoll, but do no damage.
The gnoll is lightly wounded.
The gnoll hits you with a +0 hand axe.
You puncture the gnoll!
The gnoll is severely wounded.
The gnoll is no longer blind.
The orc knight hits you with a +0 broad axe!!
Ouch! That really hurt!
You die...

Skill      XL: |  1  2  3  4  5  6  7  8  9 10 |
---------------+-------------------------------+-----
Stealth        | 5 6 7 9 10 11 | 11.3
Hexes          | 5 6 7 8 10 | 10.7
Short Blades   | 2 3 4 5 7 |  7.5
Dodging        | 3 4 5 6 7 |  7.9
Fighting       | 1 2 3 4 |  4.2
Spellcasting   | 3 4 |  4.8

Action                   |  1- 3 |  4- 6 |  7- 9 | 10-12 || total
-------------------------+-------+-------+-------+-------++-------
Melee: Dagger            |    65 |    92 |   284 |    59 ||   500
       Bite              |     3 |    10 |    27 |     2 ||    42
 Cast: Corona            |    18 |    12 |    32 |     4 ||    66
       Ensorcelled Hiber |    25 |    65 |   118 |    23 ||   231
       Confusing Touch   |       |     5 |    28 |     2 ||    35
       Tukima's Dance    |       |       |     4 |     1 ||     5
       Dazzling Flash    |       |       |       |     4 ||     4
 Abil: Exsanguinate      |     1 |       |       |       ||     1
  Use: Scroll            |       |     4 |    18 |       ||    22
       Potion            |       |       |     1 |       ||     1
 Stab: Sleeping          |    23 |    38 |    72 |    14 ||   147
       Confused          |       |     3 |    23 |     3 ||    29
       Invisible         |       |       |       |     2 ||     2
Armor: Robe              |     8 |    12 |    49 |    14 ||    83
Dodge: Dodged            |    27 |    49 |   154 |   111 ||   341

Levels and vault maps discovered:
D:1:      dpeg_arrival_shrine, layout_loops_ring
D:2:      layout_rooms, marbit_many_paths, minmay_tiny_reverse_x,
          uniq_crazy_yiuf_cottage
D:3:      layout_rooms, gammafunk_ghost_grave, grunt_ministairs_15,
          minmay_misc_feat_five, kennysheep_generic_room_8, uniq_sigmund
D:4:      layout_basic
D:5:      layout_layer_cave, evilmike_ruin_ashenzari,
          cheibrodos_sewer_entry_bend, serial_shops, shop, uniq_prince_ribbit1
D:6:      layout_loops_cross, minmay_temple_entry_statues_fountains,
          grunt_gozag_statues
D:7:      layout_cave_pods, nicolae_overflow_hidden_temple, basic_altar
D:8:      layout_basic, lemuel_blue_sif_altar, nzn_random_ring, uniq_maggie,
          uniq_pikel
D:9:      layout_long_grid, old_standard_altar, grunt_dithmenos_shadows,
          lemuel_round_altar, enter_bailey_6
Temple:   nicolae_temple_figure_eight
Bailey:   bailey_axe_bossmonster_kennysheep, bailey

Notes
Turn   | Place    | Note
-------+----------+-------------------------------------------
     0 | D:1      | infcreate the Vampire Enchanter began the quest for the
                  | Orb.
     0 | D:1      | Reached XP level 1. HP: 13/13 MP: 3/3
   724 | D:1      | Reached XP level 2. HP: 8/15 MP: 3/5
   727 | D:1      | Learned a level 2 spell: Ensorcelled Hibernation
  1682 | D:2      | Reached XP level 3. HP: 20/20 MP: 6/6
  1686 | D:2      | Learned a level 3 spell: Confusing Touch
  1977 | D:2      | Reached skill level 5 in Stealth
  1977 | D:2      | Reached skill level 5 in Hexes
  2048 | D:2      | Reached skill level 2 in Short Blades
  2146 | D:2      | Reached skill level 3 in Dodging
  2146 | D:2      | Reached XP level 4. HP: 24/24 MP: 2/7
  2233 | D:2      | HP: 2/24 [kobold/+0 whip (3)]
  2575 | D:2      | Found a snail-covered altar of Cheibriados.
  2770 | D:2      | Found a runed translucent door.
  2771 | D:2      | Noticed Crazy Yiuf
  2778 | D:2      | Killed Crazy Yiuf
  2779 | D:2      | Reached skill level 1 in Fighting
  3020 | D:3      | Noticed Sigmund
  3209 | D:3      | Reached XP level 5. HP: 29/29 MP: 3/8
  3983 | D:3      | Killed Sigmund
  3984 | D:3      | Reached skill level 3 in Short Blades
  3984 | D:3      | Reached skill level 6 in Stealth
  3984 | D:3      | Reached skill level 6 in Hexes
  3984 | D:3      | Reached XP level 6. HP: 34/34 MP: 6/9
  4030 | D:3      | Reached skill level 4 in Dodging
  4285 | D:3      | Found a runed translucent door.
  4285 | D:3      | Noticed ZZKoverts's ghost (amateur GrEE)
  4401 | D:4      | Got a sapphire war axe
  4402 | D:4      | Identified the cursed +1 war axe of the Extremely Mad
                  | {vorpal, rC+ Dex+4} (You found it on level 4 of the
                  | Dungeon)
  4817 | D:4      | Learned a level 3 spell: Tukima's Dance
  5094 | D:4      | Reached XP level 7. HP: 39/39 MP: 11/11
  5380 | D:5      | Entered Level 5 of the Dungeon
  5521 | D:5      | Found a broken altar of Ashenzari.
  5521 | D:5      | Noticed Prince Ribbit
  5536 | D:5      | Got a bloodstained robe
  5575 | D:5      | Killed Prince Ribbit
  5576 | D:5      | Reached skill level 2 in Fighting
  5576 | D:5      | Reached skill level 7 in Stealth
  5576 | D:5      | Reached skill level 3 in Spellcasting
  5576 | D:5      | Identified the +2 robe "Xereikk" {rC+ Slay+5} (You found it
                  | on level 5 of the Dungeon)
  5699 | D:5      | Reached skill level 4 in Short Blades
  5699 | D:5      | Reached skill level 7 in Hexes
  5781 | D:5      | Found a glowing drain.
  5794 | Sewer    | Entered a sewer
  6006 | Sewer    | Reached skill level 5 in Dodging
  6639 | Sewer    | Reached XP level 8. HP: 45/45 MP: 7/12
  6866 | D:5      | Found Gyuxtari's Magic Scroll Shop.
  6872 | D:5      | Bought a scroll of magic mapping for 49 gold pieces
  6938 | D:5      | Reached skill level 8 in Stealth
  7730 | D:6      | Found an opulent altar of Gozag.
  7807 | D:6      | Reached skill level 5 in Short Blades
  7808 | D:6      | Found a staircase to the Ecumenical Temple.
  7887 | D:5      | Reached skill level 8 in Hexes
  7988 | Temple   | Entered the Ecumenical Temple
  8401 | D:6      | Reached skill level 6 in Dodging
  8442 | D:6      | Reached skill level 9 in Stealth
  8514 | D:6      | Reached skill level 3 in Fighting
  9149 | D:7      | Reached XP level 9. HP: 50/50 MP: 6/14
  9249 | D:7      | Learned a level 3 spell: Dazzling Flash
  9411 | D:7      | Found a burning altar of Makhleb.
  9431 | D:7      | Found a sacrificial altar of Ru.
  9431 | D:7      | Found an iron altar of Okawaru.
  9605 | D:7      | Reached skill level 9 in Hexes
  9616 | D:7      | Reached skill level 6 in Short Blades
  9616 | D:7      | Reached skill level 4 in Spellcasting
 10056 | D:7      | Found a sparkling altar of Nemelex Xobeh.
 10167 | D:8      | Noticed Maggie
 10176 | D:8      | Killed Maggie
 10267 | D:8      | Reached skill level 10 in Stealth
 10418 | D:8      | Reached skill level 7 in Dodging
 10974 | D:7      | Reached skill level 10 in Hexes
 11891 | D:8      | Found a shimmering blue altar of Sif Muna.
 12279 | D:9      | Found a shadowy altar of Dithmenos.
 12285 | D:9      | Became a worshipper of Dithmenos the Shadowed
 12331 | D:9      | Found a white marble altar of Elyvilon.
 12347 | D:9      | Found a flagged portal.
 12363 | D:9      | Reached skill level 7 in Short Blades
 12363 | D:9      | Reached XP level 10. HP: 56/56 MP: 13/16
 12380 | D:9      | Reached skill level 4 in Fighting
 12380 | D:9      | Reached skill level 11 in Stealth
 12654 | Bailey   | Entered a bailey
 12659 | Bailey   | Noticed an orc warlord
 12712 | Bailey   | Reached * piety under Dithmenos
 12936 | Bailey   | Noticed an orc knight
 12964 | Bailey   | Slain by an orc knight

Vanquished Creatures
  Maggie (D:8)
  6 slime creatures (D:9)
  Prince Ribbit (D:5)
  Sigmund (D:3)
  A water moccasin (D:7)
  2 sky beasts
  3 orc warriors
  2 ice beasts (D:6)
  A phantom (D:8)
  2 black bears (D:7)
  A necrophage (D:8)
  An ogre (D:8)
  3 centaurs
  4 lemures
  3 big kobolds (Sewer)
  3 bullfrogs
  3 scorpions
  A killer bee (D:9)
  A wight (D:8)
  A howler monkey (D:4)
  3 centaur zombies
  4 hounds
  4 orc priests
  3 jellies
  Crazy Yiuf (D:2)
  5 orc wizards
  3 iguanas
  5 worker ants
  A hound zombie (D:8)
  A worker ant zombie (D:7)
  10 gnolls
  15 adders
  A shadow imp (D:9)
  3 white imps
  4 oozes
  4 worms
  4 dart slugs
  3 leopard geckos
  28 orcs
  5 bats
  4 giant cockroaches
  9 goblins
  9 hobgoblins
  5 jackals
  25 kobolds
  A quokka (D:2)
  4 ball pythons
  5 frilled lizards
  A quokka skeleton (D:7)
  A quokka zombie (D:8)
  9 rats
221 creatures vanquished.

Vanquished Creatures (collateral kills)
  3 ogres
  An iguana (D:8)
4 creatures vanquished.

Vanquished Creatures (others)
  A withered plant (D:3)
1 creature vanquished.

Grand Total: 226 creatures vanquished

Table legend: (Time is in decaauts)
 A = Elapsed time spent in this place.
 B = Non-inter-level travel time spent in this place.
 C = Inter-level travel time spent in this place.
 D = Time resting spent in this place.
 E = Time spent auto-exploring this place.
 F = Levels seen in this place.
 G = Mean time per level.
                   A        B        C        D        E       F      G
               +--------+--------+--------+--------+--------+-----+--------+
         Total |  12970 |  12485 |    485 |   3278 |   5633 |  12 | 1080.8 |
       Dungeon |  11514 |  11041 |    473 |   2815 |   5088 |   9 | 1279.3 |
        Temple |    220 |    208 |     12 |      0 |    203 |   1 |  220.0 |
         Sewer |    934 |    934 |      0 |    338 |    342 |   1 |  934.0 |
        Bailey |    301 |    301 |      0 |    125 |      0 |   1 |  301.0 |
               +--------+--------+--------+--------+--------+-----+--------+

Top non-repeatable levels by time:
     D:1: 1943 daAuts
     D:8: 1737 daAuts
     D:5: 1541 daAuts
     D:7: 1432 daAuts
     D:2: 1242 daAuts
     D:3: 1196 daAuts
     D:4: 1042 daAuts
     D:6: 992 daAuts
   Sewer: 934 daAuts
     D:9: 384 daAuts
  Bailey: 301 daAuts
  Temple: 220 daAuts

Table legend:
 A = Non-vault XP
 B = Vault XP
 C = Vault XP percentage of total XP
 D = Non-vault monster count
 E = Vault monster count
 F = Vault count percentage of total count
                 A         B        C        D         E       F
            +---------+---------+-------+---------+---------+-------
      Total |    5006 |    2414 |  32.5 |     157 |      64 |  29.0
            +---------+---------+-------+---------+---------+-------
        D:1 |      36 |       0 |   0.0 |      23 |       0 |   0.0
        D:2 |     125 |      46 |  26.9 |      18 |       4 |  18.2
        D:3 |      90 |     210 |  70.0 |      22 |       3 |  12.0
        D:4 |     241 |       0 |   0.0 |      12 |       0 |   0.0
        D:5 |     475 |     274 |  36.6 |      17 |       3 |  15.0
        D:6 |     842 |       0 |   0.0 |      21 |       0 |   0.0
        D:7 |     949 |       0 |   0.0 |      16 |       0 |   0.0
        D:8 |     490 |    1203 |  71.1 |      17 |      16 |  48.5
        D:9 |    1758 |     131 |   6.9 |      11 |       3 |  21.4
      Sewer |       0 |     395 | 100.0 |       0 |      21 | 100.0
     Bailey |       0 |     155 | 100.0 |       0 |      14 | 100.0
            +---------+---------+-------+---------+---------+-------
